 Dungeon Crawl Stone Soup version 0.29-a0-418-gc0181ea820 (webtiles) character file.

Game seed: 15987659222872216807

60 spiderkeys the Skirmisher (level 4, 0/49 HPs)
             Began as an Ogre Abyssal Knight on May 18, 2022.
             Was a Priest of Lugonu.
             Slain by an iron imp (8 damage)
             ... summoned by Natasha
             ... on level 2 of the Dungeon.
             The game lasted 00:02:14 (1060 turns).

spiderkeys the Skirmisher (Ogre Abyssal Knight)     Turns: 1060, Time: 00:02:15

Health: 0/49       AC:  3    Str: 19    XL:     4   Next: 6%
Magic:  6/6        EV: 10    Int: 11    God:    Lugonu [***...]
Gold:   43         SH:  0    Dex:  9    Spells: 3/3 levels left

rFire   . . .      SeeInvis .   a - +1 spear
rCold   . . .      Faith    .   (no shield)
rNeg    . . .      Spirit   .   b - +0 robe
rPois   .          Reflect  .   (helmet restricted)
rElec   .          Harm     .   (no cloak)
rCorr   .          Rampage  .   (gloves unavailable)
Will    .....                   (boots unavailable)
Stlth   +.........              g - amulet of regeneration
HPRegen 0.96/turn               (no ring)
MPRegen 0.10/turn               (no ring)

@: no status effects
A: large, unfitting armour, tough skin 1
a: Renounce Religion, Depart the Abyss, Bend Space, Banish


You were on level 2 of the Dungeon.
You worshipped Lugonu.
Lugonu was most pleased with you.
You visited 1 branch of the dungeon, and saw 2 of its levels.
You visited the Abyss 1 time.

You collected 43 gold pieces.


Innate Abilities, Weirdness & Mutations

You are too large for most types of armour.
You have tough skin. (AC +1)


   Skills:
 + Level 4.7 Fighting
 + Level 2.6 Polearms
 + Level 2.6 Dodging
 + Level 2.8 Invocations


You had 3 spell levels left.
You didn't know any spells.
Your spell library contained the following spells:

 Spells                   Type           Power      Damage    Failure   Level
 Magic Dart               Conj           0%         1d3       34%         1
 Searing Ray              Conj           0%         2d4       47%         2
 Fulminant Prism          Conj/Hex       0%         3d6       98%         4

Inventory:

Hand Weapons
 a - a +1 spear (weapon)
Missiles
 f - 3 stones
Armour
 b - a +0 robe (worn)
Jewellery
 g - an amulet of regeneration (around neck)
   (You found it on level 1 of the Dungeon)
Scrolls
 c - a scroll of enchant weapon {unknown}
 h - a scroll of identify {unknown}
Potions
 d - a potion of cancellation {unknown}
 e - 2 potions of brilliance {unknown}

Dungeon Overview and Level Annotations

Branches:
Dungeon (2/15)

Altars:

Annotations:
D:2 Natasha

# ..#.# #######.#.#
#.#####..........
#..gh@...##.#.#.# #.#
#...55.)....#.#.# #.#
#.......?#..#.#.# #.#
#.......##..#...###.##
#.....................
##......#########...##
#......# #######.....
#.....>. ............
######## ......##.##.


You could see an iron imp (summoned), Natasha, a white imp (summoned) and a
hobgoblin.


Message History

😕 HP[+1] No target in view!
No target in view!
e - 2 glowing coppery potions (gained 1)
You pick up a book of Conjurations and begin reading...
You add the spells Magic Dart, Searing Ray and Fulminant Prism to your library. 😎 HP[+1]
Your hp is fully restored (49).
Natasha, Servant of Life and Death comes into view.
Found a stone staircase leading down.
Natasha hisses angrily.
Natasha casts a spell.
You see here a scroll labelled HAPONL EJEO.
Natasha stares at you and mumbles some strange words.
The magic dart hits you!
You see here a +0 hand axe. 😕 HP[-7]
You take 7 damage, and now have 42/49 hp. 😕 HP[+1]
A hobgoblin comes into view. 😕 HP[+1] Reach: a) +1 spear
Press: ? - help, Dir - move target, f - Natasha
Aim: Natasha (about 45% to evade your +1 spear)
You reach to attack!
You hit Natasha. 😕 HP[+1] Reach: a) +1 spear
Press: ? - help, Dir - move target, f/p - Natasha
Aim: Natasha (about 45% to evade your +1 spear)
You hit Natasha.
Natasha wildly gestures.
You feel troubled. Natasha claws you.
The iron imp closely misses you. 😕 HP[-4]
You take 4 damage, and now have 41/49 hp.
Reach: a) +1 spear
Press: ? - help, Dir - move target, f/p - Natasha
Aim: Natasha (moderately wounded, about 45% to evade your +1 spear)
You closely miss Natasha.
Natasha barely misses you. 😕 HP[+1] Reach: a) +1 spear
Press: ? - help, Dir - move target, f/p - Natasha
Aim: Natasha (moderately wounded, about 45% to evade your +1 spear)
You hit Natasha.
Natasha mumbles some strange words.
You feel troubled.
Natasha mumbles some strange words.
The iron imp closely misses you. 😕 HP[+1] Reach: a) +1 spear
Press: ? - help, Dir - move target, f/p - Natasha
Aim: Natasha (severely wounded, about 45% to evade your +1 spear)
You closely miss Natasha. Natasha claws you.
The iron imp hits you but does no damage. 😕 HP[-4]
You take 4 damage, and now have 39/49 hp.
Reach: a) +1 spear
Press: ? - help, Dir - move target, f/p - Natasha
Aim: Natasha (severely wounded, about 45% to evade your +1 spear)
You barely miss Natasha. Natasha claws you.
The iron imp picks up a beetle and eats it.
The iron imp hits you!
The white imp hits you but does no damage. 😮 HP[-14]
You take 14 damage, and now have 25/49 hp.
MASSIVE DAMAGE!! (PAUSE) Unknown command.
Reach: a) +1 spear
Press: ? - help, Dir - move target, f/p - Natasha
Aim: Natasha (severely wounded, about 45% to evade your +1 spear)
You hit Natasha.
Natasha stares at you and mumbles some strange words.
The magic dart hits you.
* * * LOW HITPOINT WARNING * * *
The white imp hits you.
* * * LOW HITPOINT WARNING * * *
The white imp freezes you.
* * * LOW HITPOINT WARNING * * *
😨 HP[-10]
You take 10 damage, and now have 15/49 hp.
MASSIVE DAMAGE!! (PAUSE) Reach: a) +1 spear
Press: ? - help, Dir - move target, f/p - Natasha
Aim: Natasha (almost dead, about 45% to evade your +1 spear)
You hit Natasha.
Natasha stares at you and mumbles some strange words.
The magic dart hits you.
* * * LOW HITPOINT WARNING * * *
The iron imp hits you.
* * * LOW HITPOINT WARNING * * *
The white imp closely misses you. 😱 HP[-3]
You take 3 damage, and now have 12/49 hp.
Reach: a) +1 spear
Press: ? - help, Dir - move target, f/p - Natasha
Aim: Natasha (almost dead, about 45% to evade your +1 spear)
You miss Natasha. Natasha claws you.
* * * LOW HITPOINT WARNING * * *
The iron imp hits you!
You die...

Action                   |  1- 3 |  4- 6 || total
-------------------------+-------+-------++-------
Melee: Spear             |   129 |    15 ||   144
       Punch             |     2 |       ||     2
 Stab: Sleeping          |     1 |       ||     1
Armor: Robe              |    21 |     2 ||    23
Dodge: Dodged            |    51 |     5 ||    56

Levels and vault maps discovered:
D:1:      scummos_arrival_star, layout_basic, basic_ecumenical_altar,
          minmay_misc_feat_diagonals
D:2:      layout_basic, serial_shops, nicolae_shop_hallway_plus, uniq_natasha

Notes
Turn   | Place    | Note
-------+----------+-------------------------------------------
     0 | Abyss:1  | spiderkeys the Ogre Abyssal Knight began the quest for the
                  | Orb.
     0 | Abyss:1  | Reached XP level 1. HP: 24/24 MP: 2/2
     0 | Abyss:1  | magus.rc [v1.11.3]
     0 | Abyss:1  | Found a corrupted altar of Lugonu.
    52 | D:1      | You pass through the gate.
    52 | D:1      | Escaped the Abyss
    69 | D:1      | Found a faded altar of an unknown god.
   117 | D:1      | Reached XP level 2. HP: 24/32 MP: 3/3
   353 | D:1      | Reached XP level 3. HP: 29/40 MP: 4/4
   416 | D:1      | Reached *** piety under Lugonu
  1015 | D:2      | Reached XP level 4. HP: 44/49 MP: 6/6
  1043 | D:2      | You pick up a book of Conjurations and begin reading...
  1043 | D:2      | You add the spells Magic Dart, Searing Ray and Fulminant
                  | Prism to your library.
  1048 | D:2      | Noticed Natasha
  1059 | D:2      | HP: 12/49 [iron imp[Natasha] (1)]
  1060 | D:2      | Slain by an iron imp

Vanquished Creatures
  A gnoll (D:1)
  A worm (D:2)
  A dart slug (D:2)
  4 endoplasms (D:1)
  2 giant cockroaches (D:1)
  6 goblins (D:1)
  7 hobgoblins (D:1)
  5 jackals
  3 kobolds (D:1)
  A quokka (D:1)
  5 ball pythons (D:1)
  A bat (D:1)
  4 rats (D:1)
41 creatures vanquished.

Table legend:
 A = Non-vault XP
 B = Vault XP
 C = Vault XP percentage of total XP
 D = Non-vault monster count
 E = Vault monster count
 F = Vault count percentage of total count
                 A         B        C        D         E       F
            +---------+---------+-------+---------+---------+-------
      Total |      87 |       0 |   0.0 |      41 |       0 |   0.0
            +---------+---------+-------+---------+---------+-------
        D:1 |      74 |       0 |   0.0 |      37 |       0 |   0.0
        D:2 |      13 |       0 |   0.0 |       4 |       0 |   0.0
            +---------+---------+-------+---------+---------+-------

Illustrated notes

Table legend:
 A = Kills in this place as a percentage of kills in entire the game.
 B = Kills by you in this place as a percentage of kills by you in the entire game.
 C = Kills by friends in this place as a percentage of kills by friends in the entire game.
 D = Other kills in this place as a percentage of other kills in the entire game.
 E = Experience gained in this place as a percentage of experience gained in the entire game.
 F = Experience gained in this place divided by the number of levels of this place that you have seen.
                   A       B       C       D       E      F
               +-------+-------+-------+-------+-------+----------------------
         Total | 100.0 | 100.0 |   N/A |   N/A | 100.0 |  29.0
       Dungeon | 100.0 | 100.0 |   N/A |   N/A | 100.0 |  43.5
               +-------+-------+-------+-------+-------+----------------------

Table legend: (Time is in decaauts)
 A = Elapsed time spent in this place.
 B = Non-inter-level travel time spent in this place.
 C = Inter-level travel time spent in this place.
 D = Time resting spent in this place.
 E = Time spent auto-exploring this place.
 F = Levels seen in this place.
 G = Mean time per level.
                   A        B        C        D        E       F      G
               +--------+--------+--------+--------+--------+-----+--------+
         Total |   1057 |   1035 |     22 |      0 |    735 |   3 |  352.3 |
       Dungeon |   1005 |    983 |     22 |      0 |    735 |   2 |  502.5 |
         Abyss |     52 |     52 |      0 |      0 |      0 |   1 |   52.0 |
               +--------+--------+--------+--------+--------+-----+--------+

Top non-repeatable levels by time:
     D:1: 936 daAuts
     D:2: 68 daAuts
 Abyss:1: 52 daAuts
